 Dungeon Crawl Stone Soup version 0.16-a0-3827-g034e2a6 (webtiles) character file.

4890 PolkaDot the Summoner (level 10, -3/72 HPs)
             Began as a Vampire Summoner on Jan 29, 2015.
             Was a Priest of Sif Muna.
             Slain by a hog (10 damage)
             ... on level 10 of the Dungeon.
             The game lasted 00:42:14 (13115 turns).

PolkaDot the Summoner (Vampire Summoner)           Turns: 13115, Time: 00:42:14

Health: -3/72      AC:  3    Str:  7    XL:     10   Next: 26%
Magic:  14/16      EV: 12    Int: 25    God:    Sif Muna [***...]
Gold:   50         SH:  0    Dex: 14    Spells: 3 memorised, 4 levels left

rFire  . . .     SeeInvis +     l - +1 spear (venom)
rCold  . . .     Clarity  .     t - +0 leather armour of Jeegali {Int+3}
rNeg   . . .     SustAb   .     (no shield)
rPois  .         Gourm    .     (no helmet)
rElec  .         Spirit   .     (no cloak)
rCorr  .         Warding  .     (no gloves)
rMut   .         Stasis   .     (no boots)
MR     +....                    k - amulet of rage
Stlth  ++........               (no ring)
                                (no ring)

@: regenerating very quickly, somewhat resistant to hostile enchantments,
unstealthy
A: bottle blood, fangs 3, see invisible, clever 1, robust 1, unbreathing, placid
magic 1
a: Channel Energy, Forget Spell, Renounce Religion, Evoke Berserk Rage


You were on level 10 of the Dungeon.
You worshipped Sif Muna.
Sif Muna was most pleased with you.
You were almost alive.

You visited 2 branches of the dungeon, and saw 11 of its levels.
You also visited: Sewer and Ossuary.

You collected 621 gold pieces.
You spent 571 gold pieces at shops.

Inventory:

Hand weapons
 l - a +1 spear of venom (weapon)
Missiles
 p - 2 throwing nets (quivered)
Armour
 t - the +0 leather armour of Jeegali (worn) {Int+3}
   (You bought it in a shop on level 6 of the Dungeon)

   It affects your intelligence (+3).
 z - the +1 leather armour of the Crypt {rElec rPois+ Int-4}
   (You bought it in a shop on level 6 of the Dungeon)

   It affects your intelligence (-4).
   It insulates you from electricity.
   It protects you from poison.
Jewellery
 k - an amulet of rage (around neck)
 G - a cursed ring of teleportation {unknown}
Magical devices
 c - a wand of confusion (39)
 o - a wand of digging (7)
 q - a wand of lightning (4)
 s - a wand of lightning (6)
 x - a wand of flame (21)
 C - a wand of magic darts (21)
Scrolls
 d - a scroll of enchant armour
 e - a scroll of enchant weapon
 g - 5 scrolls of amnesia
 n - 6 scrolls of teleportation
 r - a scroll of blinking {unknown}
 u - 3 scrolls of remove curse
 v - 2 scrolls of fog
 w - 3 scrolls of magic mapping
 y - 2 scrolls of immolation
 B - a scroll of recharging {unknown}
 F - 3 scrolls of identify
Potions
 a - a potion of might
 h - 16 potions of blood {@*1}
 A - a potion of restore abilities
 D - a potion of cure mutation {unknown}
 E - a potion of cancellation {unknown}
Books
 b - a book of Callings

   Spells                             Type                      Level
   a - Summon Small Mammal            Summoning                    1
   b - Call Imp                       Summoning                    2
   c - Call Canine Familiar           Summoning                    3
   d - Summon Guardian Golem          Hexes/Summoning              4
   e - Summon Lightning Spire         Summoning/Air                4
   f - Summon Ice Beast               Ice/Summoning                4
 f - the Tome of Creation
   (You found it on level 8 of the Dungeon)

   Spells                             Type                      Level
   a - Call Imp                       Summoning                    2
   b - Summon Lightning Spire         Summoning/Air                4
   c - Summon Demon                   Summoning                    5
 m - a book of Clouds

   Spells                             Type                      Level
   a - Mephitic Cloud                 Conjuration/Poison/Air       3
   b - Conjure Flame                  Conjuration/Fire             3
   c - Poisonous Cloud                Conjuration/Poison/Air       6
   d - Freezing Cloud                 Conjuration/Ice/Air          6
   e - Ring of Flames                 Charms/Fire                  7


   Skills:
 - Level 1.4 Fighting
   Level 3.7 Short Blades
 + Level 6.0 Polearms
 - Level 2.1 Dodging
 - Level 3.3 Stealth
 - Level 2.0 Spellcasting
 * Level 11.3 Summonings
 - Level 5.9 Ice Magic
 + Level 2.0 Invocations
 - Level 2.8 Evocations


You had 4 spell levels left.
You knew the following spells:

 Your Spells              Type           Power        Failure   Level  Hunger
d - Call Canine Familiar  Summ           #####...     1%          3    ###....
i - Summon Ice Beast      Ice/Summ       ####....     2%          4    ####...
s - Call Imp              Summ           #####...     1%          2    ##.....


Dungeon Overview and Level Annotations

Branches:
Dungeon (10/15)            Temple (1/1) D:4
   Lair: D:8-11         Orc: D:9-12

Altars:
Ashenzari
Cheibriados
Dithmenos
Elyvilon
Fedhas
Gozag
Kikubaaqudgha
Makhleb
Nemelex Xobeh
Okawaru
Qazlal
Ru
Sif Muna
Trog
Vehumet
Xom
Yredelemnul
Zin
The Shining One

Shops:
D:6 [   D:7 *   D:8 *   D:9 !


Innate Abilities, Weirdness & Mutations

Your natural rate of healing is extremely fast.
You can bottle blood from corpses.
You have razor-sharp teeth.
You have supernaturally acute eyesight.
You can survive without breathing.
Your mind is acute. (Int +2)
You are robust (+10% HP).
Your spells are a little easier to cast, but a little less powerful.


Message History

The hog bites you!
* * * LOW HITPOINT WARNING * * *
Press: ? - help, v - describe, . - travel
Here: a hog The floor.
Drink which item? (? for menu, Esc to quit)
Okay, then.
Casting: Summon Ice Beast
Confirm with . or Enter, or press ? or * to list all spells.
The hog closely misses you. The hog bites you!
* * * LOW HITPOINT WARNING * * *
Your hound bites the hog but does no damage.
The hog bites your hound!
Your hound bites the hog but does no damage.
Your hound barely misses the hog.
Drink which item? (? for menu, Esc to quit)
You feel better. The hog bites you!
* * * LOW HITPOINT WARNING * * *
Your hound barely misses the hog.
The hog bites you!
You die... ♣♣♣♣♣..♣♣♣♣♣♣♣♣.## ..♣P...P......♣P..# ..................## ....PPPPP.P..P..P..# ...................### .....P..PP.PPP.PP....# .....................# PP.PPPPP..PPPP.PP....#

..............hh@....#
.P....P..P..P..PP....#
.....................#
P.P.P.PPPPP.PP.P.....#
..................#
PP.P.PP#######....#
.......#..(..#....#
P...P..P#.....#....#
........#''####....#


You could see a hog and a friendly hound.

Vanquished Creatures
  A wyvern (D:8)
  4 black bears
  An ice beast (D:7)
  2 orc warriors
  4 centaurs
  A crocodile (Sewer)
  3 ogres
  Blork the orc (D:7)
  4 giant frogs
  A scorpion (D:6)
  9 killer bees
  3 electric eels (D:10)
  A goliath beetle (D:5)
  A giant frog zombie (D:6)
  A crimson imp (D:5)
  3 hounds
  4 orc priests
  2 iguanas
  10 orc wizards
  A centaur skeleton (D:9)
  4 sheep (D:10)
  5 worker ants
  2 hound skeletons
  A mummy (Ossuary)
  8 adders
  4 giant mites
  8 gnolls
  3 shadow imps
  3 worms (D:2)
  2 adder zombies
  6 giant geckos
  An ooze (D:2)
  26 orcs
  A bat skeleton (D:6)
  3 giant cockroaches
  A gnoll zombie (Ossuary)
  9 goblins
  15 hobgoblins
  7 jackals
  16 kobolds
  3 quokkas
  2 ball pythons
  19 bats
  A giant gecko skeleton (D:4)
  3 giant newts
  A goblin zombie (Ossuary)
  An orc zombie (Ossuary)
  2 quokka skeletons
  A quokka zombie (D:9)
  19 rats
  A rat zombie (Ossuary)
235 creatures vanquished.

Vanquished Creatures (collateral kills)
  A merfolk (D:10)
  A spriggan (D:7)
  3 yaks (D:9)
  A hog (D:10)
  A water moccasin (D:6)
  2 orc warriors
  A phantom (D:9)
  2 ice beasts
  An ogre (D:7)
  A necrophage (D:8)
  An elf zombie (Ossuary)
  A big kobold (D:8)
  2 giant frogs
  A scorpion (D:10)
  3 killer bees (D:8)
  3 electric eels (D:10)
  5 orc priests
  A quasit (D:7)
  3 orc wizards
  A big kobold zombie (Ossuary)
  2 hound zombies (Ossuary)
  3 mummies (Ossuary)
  4 gnolls
  A shadow imp (D:10)
  13 orcs
  2 goblins
  A hobgoblin (D:9)
  6 kobolds
  3 bats (D:1)
  A giant cockroach (D:1)
  2 giant newts
  A goblin zombie (Ossuary)
  A hobgoblin zombie (Ossuary)
  A kobold zombie (Ossuary)
76 creatures vanquished.

Vanquished Creatures (others)
  2 wolves
  6 ice beasts
  3 crimson imps
  8 hounds
  2 white imps
  A bat (D:1)
22 creatures vanquished.

Grand Total: 333 creatures vanquished

Notes
Turn   | Place    | Note
--------------------------------------------------------------
     0 | D:1      | PolkaDot, the Vampire Summoner, began the quest for the Orb.
     0 | D:1      | Reached XP level 1. HP: 13/13 MP: 3/3
   240 | D:1      | Reached skill level 1 in Fighting
   306 | D:1      | Reached XP level 2. HP: 21/21 MP: 0/4
   969 | D:1      | Learned a level 2 spell: Call Imp
  1318 | D:2      | Reached XP level 3. HP: 26/26 MP: 6/6
  1354 | D:2      | Reached skill level 1 in Short Blades
  1892 | D:2      | Reached XP level 4. HP: 24/32 MP: 7/7
  2544 | D:3      | Found a glowing drain.
  2556 | D:3      | Reached skill level 5 in Summonings
  2556 | D:3      | Reached skill level 1 in Evocations
  2657 | Sewer    | Entered a sewer
  2771 | Sewer    | Reached XP level 5. HP: 18/37 MP: 2/9
  2959 | Sewer    | Noticed a crocodile
  2978 | Sewer    | Killed a crocodile
  3054 | Sewer    | Learned a level 3 spell: Call Canine Familiar
  3590 | D:3      | Reached XP level 6. HP: 11/43 MP: 4/10
  3835 | D:3      | Learned a level 4 spell: Summon Ice Beast
  4248 | D:4      | Reached skill level 6 in Summonings
  4277 | D:4      | Found a staircase to the Ecumenical Temple.
  4297 | Temple   | Entered the Ecumenical Temple
  4494 | Temple   | Became a worshipper of Sif Muna the Loreminder
  4644 | D:4      | Reached XP level 7. HP: 36/48 MP: 9/12
  5050 | D:4      | Reached skill level 1 in Polearms
  5692 | D:5      | Entered Level 5 of the Dungeon
  5830 | D:5      | Reached skill level 1 in Ice Magic
  6037 | D:5      | Reached skill level 7 in Summonings
  6499 | D:6      | Found Sucolit's Antique Armour Shoppe.
  6507 | D:6      | Bought a tattered robe for 165 gold pieces
  6517 | D:6      | Identified the +2 robe of Watchfulness {SInv} (You bought it in a shop on level 6 of the Dungeon)
  6536 | D:6      | Acquired Sif Muna's first power
  6602 | D:6      | Reached XP level 8. HP: 27/54 MP: 9/13
  6634 | D:6      | Reached skill level 8 in Summonings
  6682 | D:6      | Found a sand-covered staircase.
  6730 | Ossuary  | Entered an ossuary
  7432 | D:6      | Found a bloodstained altar of Trog.
  7582 | D:6      | Bought a shimmering leather armour for 203 gold pieces
  7593 | D:6      | Identified the +0 leather armour of Jeegali {Int+3} (You bought it in a shop on level 6 of the Dungeon)
  7682 | D:7      | Noticed Blork the orc
  7696 | D:7      | Killed Blork the orc
  7696 | D:7      | Acquired Sif Muna's second power
  7960 | D:7      | Reached skill level 9 in Summonings
  8326 | D:7      | Gained mutation: You are robust (+10% HP). [potion of mutation]
  8326 | D:7      | Gained mutation: Your mind is acute. (Int +2) [potion of mutation]
  8326 | D:7      | Gained mutation: Your spells are a little easier to cast, but a little less powerful. [potion of mutation]
  8416 | D:7      | Reached XP level 9. HP: 12/64 MP: 10/14
  8911 | D:7      | Found Qamounn's Assorted Antiques.
  9027 | D:7      | Found an opulent altar of Gozag.
  9487 | D:8      | Reached skill level 10 in Summonings
  9639 | D:8      | Reached skill level 5 in Ice Magic
  9893 | D:8      | Identified the Tome of Creation
 10252 | D:8      | Reached skill level 5 in Polearms
 10383 | D:8      | Found Schini's Assorted Antiques.
 10756 | D:9      | Found Phoeluzi's Distillery.
 10915 | D:6      | Bought a warped leather armour for 203 gold pieces
 10925 | D:6      | Identified the +1 leather armour of the Crypt {rElec rPois+ Int-4} (You bought it in a shop on level 6 of the Dungeon)
 11516 | D:9      | Reached XP level 10. HP: 64/72 MP: 4/16
 11757 | D:9      | Reached skill level 11 in Summonings
 11766 | D:9      | Reached skill level 1 in Invocations
 12252 | D:10     | Entered Level 10 of the Dungeon
 13115 | D:10     | Slain by a hog

Action                   |  1- 3 |  4- 6 |  7- 9 | 10-12 || total
-------------------------+-------+-------+-------+-------++-------
Melee: Unarmed           |    43 |       |       |       ||    43
       Dagger            |    71 |   150 |       |       ||   221
       Spear             |       |    20 |   561 |   100 ||   681
 Cast: Summon Small Mamm |    12 |       |       |       ||    12
       Call Imp          |     8 |    14 |     8 |       ||    30
       Call Canine Famil |       |     3 |    24 |     6 ||    33
       Summon Ice Beast  |       |       |    31 |    14 ||    45
Invok: Channel Energy    |       |       |    19 |       ||    19
 Abil: Evoke Berserk Rag |       |     1 |     7 |       ||     8
Evoke: Wand              |       |       |     4 |       ||     4
  Use: Potion            |     3 |     8 |    76 |    17 ||   104
       Scroll            |       |     8 |    12 |       ||    20
 Stab: Sleeping          |     8 |     4 |    16 |     2 ||    30
       Distracted        |     2 |       |     5 |       ||     7
       Invisible         |       |     6 |     2 |       ||     8
  Eat: Corpse            |     9 |       |       |       ||     9
